 Dungeon Crawl Stone Soup version 0.30-a0-870-gc5d4c5acee (webtiles) character file.

Game seed: 5511904335422708715

373080 cheesebisquit the Metallomancer (level 22, -8/130 HPs)
             Began as a Gargoyle Earth Elementalist on Mar 11, 2023.
             Was the Champion of Vehumet.
             Mangled by a spriggan berserker
             ... wielding a +0 rapier
              (40 damage)
             ... on level 2 of the Depths.
             The game lasted 03:40:55 (60485 turns).

cheesebisquit the Metallomancer (GrEE)             Turns: 60485, Time: 03:40:56

Health: -8/130     AC: 33    Str: 21    XL:     22   Next: 71%
Magic:  7/55       EV: 19    Int: 33    God:    Vehumet [******]
Gold:   902        SH: 16    Dex: 10    Spells: 5/61 levels left

rFire   . . .      SeeInvis +    j - staff of earth
rCold   . . .      Faith    .    B - +4 tower shield
rNeg    + . .      Spirit   .    w - +5 robe of Misfortune {Harm *Corrode *Slow EV+5}
rPois   ∞          Reflect  .    f - +2 helmet
rElec   +          Rampage  .    o - +2 cloak {rCorr}
rCorr   +          Harm     + .  b - +0 pair of gloves "Lamesa Qelown" {Str+9 SInv}
Will    +....      Rage     3%   W - +2 pair of slick slippers {slick, slippery, EV+5}
Stlth   +++                      E - amulet of regeneration
HPRegen 1.21/turn                l - ring "Uphebes" {Contam rCorr Int+6}
MPRegen 0.34/turn                r - ring of magical power

@: flying, hasted, studying Fighting, very quick
A: sickness immunity, AC +16, big wings, negative energy resistance 1,
electricity resistance, torment resistance 1, petrification resistance, berserk
1, frail 1
}: 2/15 runes: serpentine, barnacled
a: Renounce Religion


You were on level 2 of the Depths.
You worshipped Vehumet.
Vehumet was exalted by your worship.
You visited 8 branches of the dungeon, and saw 38 of its levels.
You also visited: Ossuary.

You collected 4044 gold pieces.
You spent 3142 gold pieces at shops.

Inventory:

Missiles
 n - 11 curare-tipped darts
 x - 31 poisoned darts
 V - 4 throwing nets
 X - 15 atropa-tipped darts
Armour
 b - the +0 pair of gloves "Lamesa Qelown" (worn) {Str+9 SInv}
   (You acquired it on level 2 of the Orcish Mines)

   Str:       It affects your strength (+9).
   SInv:      It lets you see invisible.
 f - a +2 helmet (worn)
 o - a +2 cloak of preservation (worn)
 w - the +5 robe of Misfortune (worn) {Harm *Corrode *Slow EV+5}
   (You found it on level 3 of the Dungeon)

   EV:        It affects your evasion (+5).
   *Corrode:  It may corrode you when you take damage.
   *Slow:     It may slow you when you take damage.
   Harm:      It increases damage dealt and taken.
 B - a +4 tower shield (worn)
 W - the +2 pair of slick slippers (worn) {slick, slippery, EV+5}
   (You acquired it on level 1 of the Lair of Beasts)

   Slick:     Its wearer cannot be constricted, engulfed, netted or webbed.
   Slippery:  It slips away from damaging melee attacks, pulling the attacker
   onward.
   EV:        It affects your evasion (+5).
Magical Staves
 j - a staff of earth (weapon)
Jewellery
 a - a +5 ring of evasion
 g - an amulet of reflection
 l - the ring "Uphebes" (left hand) {Contam rCorr Int+6}
   (You bought it in a shop on level 7 of the Dungeon)

   [ring of resist corrosion]

   Int:       It affects your intelligence (+6).
   Contam:    It causes magical contamination when unequipped.
   rCorr:     It protects you from acid and corrosion.
 q - a ring of protection from fire
 r - a ring of magical power (right hand)
 u - the ring of Interdependent Arising {rPois rC+++ rCorr Str-2 Dex+6}
   (You took it off an orc on level 3 of the Dungeon)

   [ring of dexterity]

   Str:       It affects your strength (-2).
   Dex:       It affects your dexterity (+6).
   rC:        It renders you almost immune to cold.
   rPois:     It protects you from poison.
   rCorr:     It protects you from acid and corrosion.
 y - a ring of see invisible
 E - an amulet of regeneration (around neck)
 G - a +6 ring of intelligence
 L - a +5 ring of evasion
Wands
 i - a wand of mindburst (21)
 A - a wand of flame (32)
 F - a wand of iceblast (30)
 H - a wand of polymorph (14)
 J - a wand of quicksilver (12)
 Q - a wand of digging (9)
 S - a wand of paralysis (17)
Scrolls
 c - a scroll of fog
 d - a scroll of enchant weapon
 k - 2 scrolls of brand weapon
 p - 6 scrolls of teleportation
 t - 9 scrolls of identify
 v - 4 scrolls of vulnerability
 C - 6 scrolls of magic mapping
 I - a scroll of torment
 M - a scroll of summoning {unknown}
 N - 5 scrolls of amnesia
 O - 8 scrolls of immolation
 P - 4 scrolls of silence
Potions
 e - 7 potions of lignification
 h - 7 potions of curing
 m - 6 potions of ambrosia
 s - 5 potions of resistance
 z - 8 potions of attraction
 D - 4 potions of mutation
 R - 2 potions of cancellation
 Y - 3 potions of might


   Skills:
 * Level 17.4 Fighting
 - Level 5.0 Armour
 - Level 5.0 Dodging
 - Level 5.0 Stealth
 - Level 5.0 Shields
 - Level 20.0 Spellcasting
 - Level 20.0 Conjurations
 - Level 0.7 Transmutations
 - Level 25.0 Earth Magic
 + Level 4.4 Evocations


You had 5 spell levels left.
You knew the following spells:

 Your Spells              Type           Power      Damage    Failure   Level
a - Sandblast             Erth           100%       2d20      0%          1
b - Stone Arrow           Conj/Erth      100%       3d13      0%          3
c - Petrify               Tmut/Erth      100%       N/A       1%          4
d - Passwall              Tmut/Erth      90%        N/A       1%          2
e - Sticky Flame          Conj/Fire      78%        2d9       1%          4
f - Leda's Liquefaction   Hex/Erth       53%        N/A       1%          4
h - Fireball              Conj/Fire      39%        3d16      1%          5
i - Lee's Rapid Deconstr  Erth           69%        3d31*     0%          5
j - Iron Shot             Conj/Erth      67%        9d12      1%          6
k - Borgnjor's Vile Clut  Necr/Erth      53%        N/A       1%          5
l - Animate Armour        Summ/Erth      100%       N/A       1%          4
x - Lehudib's Crystal Sp  Conj/Erth      67%        10d15     1%          8
z - Iskenderun's Battles  Conj           100%       2d15      1%          5

Your spell library contained the following spells:

 Spells                   Type           Power      Damage    Failure   Level
 Ignition                 Fire           16%        3d7       100%        8
 Polar Vortex             Ice            16%        N/A       100%        9
 Kiss of Death            Conj/Necr      100%       2d13      1%          1
 Momentum Strike          Conj/Tloc      100%       3d10      1%          2
 Static Discharge         Conj/Air       100%       2-7/arc   1%          2
 Dazzling Flash           Conj/Hex       100%       N/A       1%          3
 Hailstorm                Conj/Ice       78%        3d16      1%          3
 Mephitic Cloud           Conj/Pois/Air  67%        N/A       1%          3
 Flame Wave               Conj/Fire      78%        2d17      1%          4
 Iskenderun's Mystic Bla  Conj/Tloc      78%        2d16      1%          4
 Arcjolt                  Conj/Air       39%        1d49      1%          5
 Lightning Bolt           Conj/Air       39%        1d57      1%          5
 Freezing Cloud           Conj/Ice/Air   33%        6-21      5%          5
 Frozen Ramparts          Ice            66%        1d10      9%          3
 Ignite Poison            Fire/Tmut/Pois 34%        N/A       9%          3
 Kindle Blastsparks       Fire/Tloc/Air  66%        2d15      9%          3
 Apportation              Tloc           66%        N/A       11%         1
 Necrotise                Necr           100%       1d9       11%         1
 Summon Small Mammal      Summ           100%       N/A       11%         1
 Wereblood                Tmut           37%        N/A       12%         2
 Blink                    Tloc           66%        N/A       16%         2
 Ensorcelled Hibernation  Hex/Ice        66%        N/A       16%         2
 Lesser Beckoning         Tloc           66%        N/A       16%         2
 Airstrike                Air            16%        2d(3-19)  26%         4
 Call Canine Familiar     Summ           33%        N/A       32%         3
 Confusing Touch          Hex            33%        N/A       32%         3
 Portal Projectile        Hex/Tloc       66%        N/A       32%         3
 Summon Guardian Golem    Hex/Summ       33%        N/A       32%         3
 Swiftness                Air            33%        N/A       32%         3
 Vhi's Electric Charge    Tloc/Air       66%        N/A       32%         3
 Ice Form                 Ice/Tmut       35%        N/A       67%         4
 Animate Dead             Necr           33%        N/A       71%         4
 Dispel Undead            Necr           33%        3d14      71%         4
 Manifold Assault         Tloc           33%        N/A       71%         4
 Passage of Golubria      Tloc           33%        N/A       71%         4
 Summon Ice Beast         Ice/Summ       33%        N/A       71%         4
 Summon Lightning Spire   Summ/Air       33%        N/A       71%         4
 Blade Hands              Tmut           18%        N/A       92%         5
 Agony                    Necr           33%        N/A       96%         5
 Silence                  Hex/Air        16%        N/A       96%         5
 Starburst                Conj/Fire      39%        6d11      7%          6
 Shatter                  Erth           69%        3d51*     11%         9
 Spellforged Servitor     Conj/Summ      39%        N/A       36%         7
 Death Channel            Necr           16%        N/A       100%        6
 Simulacrum               Ice/Necr       16%        N/A       100%        6
 Malign Gateway           Summ/Tloc      16%        N/A       100%        7
 Storm Form               Tmut/Air       17%        N/A       100%        7
 Summon Hydra             Summ           16%        N/A       100%        7
 Disjunction              Tloc           16%        N/A       100%        8
 Maxwell's Capacitive Co  Air            16%        ∞         100%        8
 Chain Lightning          Conj/Air       39%        3d52      100%        9
 Fire Storm               Conj/Fire      39%        8d10      100%        9
 Sublimation of Blood     Necr           Unusable   N/A       N/A         2

Dungeon Overview and Level Annotations

Branches:
Dungeon (15/15)            Temple (1/1) D:5            Lair (5/5) D:8
 Shoals (4/4) Lair:2        Snake (4/4) Lair:2        Slime (0/5) Lair:4
    Orc (2/2) D:9             Elf (0/3) Orc:2        Vaults (5/5) D:13
  Crypt (0/3) Vaults:3     Depths (2/4) D:15        Ossuary (visited)

Altars:
Ashenzari
Cheibriados
Dithmenos
Elyvilon
Fedhas
Gozag
Hepliaklqana
Kikubaaqudgha
Makhleb
Nemelex Xobeh
Okawaru
Qazlal
Ru
Sif Muna
Trog
Uskayaw
Vehumet
Wu Jian
Xom
Yredelemnul
Zin
The Shining One

Shops:
D:3 ?   D:7 =   D:12 (   D:14 [   Orc:1 *   Orc:2 ?*[(   Shoals:1 ([:?
Snake:3 (   Depths:1 =::

Portals:
Hell: Depths:1 Depths:2
Pandemonium: Depths:1
Ziggurat: Depths:1

Annotations:
Shoals:2 1 runed translucent door, Valamore's ghost, adept DsAr


Innate Abilities, Weirdness & Mutations

You are immune to sickness and miasma.
Your stone body is resilient. (AC +16)
You are immune to poison.
Your large and strong wings let you fly.
You resist negative energy. (rN+)
You are resistant to electric shocks. (rElec)
You are resistant to unholy torment.
You are immune to petrification.
You sometimes lose your temper in combat.
You are frail. (-10% HP)


Message History

You hear an angry buzzing noise.
You hear a deafening roar! x2
You hear a shout!
You hear a horrible gurgling sound!
You hear a shout! x3
The golden dragon attacks as you move away!
You block the golden dragon's attack. x2
The golden dragon tramples you but does no damage.
You hear a shout!
You hear an angry growl.
The deep troll earth mage bites you.
The deep troll earth mage claws you but does no damage.
You block the deep troll earth mage's attack.
The golden dragon breathes poison at you.
The blast of poison engulfs you but does no damage.
You resist.
You hear an angry buzzing noise.
You hear a deafening roar!
You hear a shout!
The deep troll earth mage gestures at you while chanting.
You shatter!!
You hear a deafening roar!
You hear an angry buzzing noise.
You hear a horrible gurgling sound!
Items here: $ ) : ?.
You recover from your berserk rage.
You are no longer corroded.
The golden dragon breathes fire at you. The bolt of fire hits you!
* * * LOW HITPOINT WARNING * * *
You hear an angry growl.
You hear a shout! x3
Found a scroll of identify.
You hear a shout!
You hear an angry buzzing noise.
The spriggan berserker shouts!
The spriggan berserker hits you with a +0 rapier!!
* * * LOW HITPOINT WARNING * * *
There is an open door here.
The spriggan berserker rages.
A deep troll earth mage comes into view.
You block the spriggan berserker's attack.
You hear a shout!
You feel much better.
You hear a horrible gurgling sound! x3
You block the spriggan berserker's attack.
You hear an angry buzzing noise.
You feel yourself speed up.
The spriggan berserker hits you with a +0 rapier!!
You die...

##.#.....#... # [#
##.##.#.##.#..##.#
##.+.....'..# .D.
##.#.#.#.##..#.# #
#.....# #§§.# #
###'#####D### # #
#..##.##§#T## .# #
#.#..##TD#.h###..# #
.'#...#§##?##i@.#
##.##..#§#§.#..##..#
##.#.##§.##.#.## ..#
## ###T#####'## #'#
# #.. ?.... .# # #.#
#.##..# .8 . .'# #'.
..'. .. .#.# ## ##.8
8. ... ##


You could see a golden dragon, a spriggan berserker (berserk), a deep troll
earth mage and a polar bear (summoned, berserk).

Vanquished Creatures
  2 ancient liches (Depths:1)
  A juggernaut (Depths:2)
  A golden dragon (Depths:2)
  A bone dragon (D:12)
  A walking crystal tome (Depths:2)
  The ghost of Mimusiah the Slayer, an adept HOFi of Hepliaklqana (Snake:2)
  A lich (Depths:1)
  2 krakens
  5 sphinxes
  A storm dragon (Vaults:4)
  Kirke (Shoals:1)
  A tengu reaver (Depths:1)
  The ghost of cforsyth the Spry, an adept DEEE of Vehumet (Snake:3)
  7 nagarajas
  The ghost of bmack86 the Severer, a journeyman MiFi of Okawaru (Orc:2)
  3 fire giants
  3 spectral caustic shrikes (Depths:1)
  7 frost giants
  10 vault wardens
  An orc warlord (Vaults:4)
  3 stone giants
  10 ironbound preservers
  A war gargoyle (Vaults:1)
  11 very ugly things
  A vampire knight (Depths:1)
  6 ironbound thunderhulks
  10 dire elephants
  A deep elf demonologist (Depths:1)
  A spark wasp (Depths:2)
  3 deep elf annihilators
  A crystal guardian (Vaults:4)
  A merfolk javelineer (Depths:1)
  5 ettins
  9 merfolk impalers
  5 yaktaur captains
  Josephine (D:14)
  4 fire dragons
  Harold (Lair:1)
  3 entropy weavers
  A rakshasa (Depths:2)
  5 great orbs of eyes
  7 vault guards
  2 salamander tyrants
  Erolcha (D:12)
  2 spriggan air magi
  2 catoblepae
  11 hydras
  14 centaur warriors
  2 merfolk avatars
  A peacekeeper (Vaults:4)
  4 ice dragons
  An ogre mage (D:13)
  8 ironbound frosthearts
  16 anacondas
  5 merfolk aquamancers
  An alligator snapping turtle (Shoals:3)
  A satyr (Shoals:3)
  5 boulder beetles
  13 naga warriors
  10 two-headed ogres
  A death knight (Vaults:3)
  5 death yaks (Lair:5)
  5 orc high priests
  2 deep troll shamans (Depths:2)
  6 tengu warriors
  A soul eater (Depths:1)
  7 deep troll earth magi
  7 shock serpents
  14 naga sharpshooters
  7 hell knights (Depths:1)
  Nergalle (Lair:1)
  6 vampire magi
  5 skysharks
  A fire crab (shapeshifter) (D:15)
  Amaemon (Lair:1)
  4 iron trolls
  5 skeletal warriors (D:14)
  6 salamander mystics (Snake:4)
  A flayed ghost (Depths:2)
  13 sea snakes
  32 deep trolls
  11 naga ritualists
  2 glowing orange brains
  A shadow dragon zombie (Vaults:2)
  14 lindwurms
  8 wizards
  4 orc knights
  12 ironbound convokers
  6 harpies
  4 necromancers
  A phantasmal warrior (Vaults:3)
  4 wolf spider zombies (D:12)
  5 deep elf pyromancers
  14 manticores
  A stone giant zombie (Vaults:2)
  26 ugly things
  17 mana vipers
  6 orc sorcerers
  11 salamanders
  5 cyclopes
  A shadow dragon skeleton (Vaults:2)
  6 water nymphs
  10 elephants
  7 fauns
  51 black mambas
  5 guardian serpents
  4 human skeletons
  13 merfolk sirens
  9 vault sentinels
  7 centaur zombies
  2 torpor snails
  An orange demon (Lair:1)
  12 naga magi
  9 cane toads
  A gargoyle (D:11)
  5 centaur skeletons (D:12)
  A hellion (Depths:1)
  5 rime drakes
  2 freezing wraiths
  10 komodo dragons
  The ghost of pigah the Changer, a novice OpWn of Gozag (D:5)
  An efreet (D:13)
  A yaktaur zombie (Vaults:1)
  An unseen horror (D:11)
  2 kobold demonologists (D:10)
  A redback zombie (D:12)
  3 yaktaur skeletons (Vaults:2)
  9 tengu conjurers
  31 yaktaurs
  An ice devil (Depths:1)
  6 meliai
  The ghost of luigi the Ruffian, an amateur DrTm (D:4)
  10 wind drakes
  28 merfolk
  7 trolls
  Grinder (D:6)
  6 polar bears
  8 blink frogs
  57 slime creatures
  A slime creature (shapeshifter) (Depths:2)
  A meliai zombie (D:15)
  5 snapping turtles
  13 dream sheep
  A flying skull (Vaults:3)
  24 water elementals
  A vampire (D:10)
  25 yaks
  A ynoxinul (Depths:1)
  9 wraiths
  2 wyverns
  A neqoxec (Depths:1)
  2 humans (D:13)
  2 basilisks
  A fire elemental (D:14)
  Eustachio (D:6)
  2 steam dragons (D:5)
  3 redbacks
  7 vampire mosquitoes
  30 nagas
  A warg (Orc:1)
  A glowing shapeshifter zombie (Vaults:1)
  An acid dragon (D:13)
  A floating eye (Depths:1)
  15 water moccasins
  A sky beast (D:6)
  27 orc warriors
  2 ice beasts (D:6)
  A black bear (D:7)
  3 hornet zombies
  2 centaurs
  A wolf (Vaults:3)
  4 ogres
  A phantom (D:6)
  4 kobold brigands
  A human zombie (Vaults:2)
  9 bullfrogs
  5 scorpions
  4 gnoll sergeants
  3 water moccasin zombies (Ossuary)
  2 human simulacra
  14 killer bees
  3 howler monkeys
  8 electric eels
  2 hounds
  4 jellies
  2 gnoll boudas
  35 orc priests
  4 iguanas
  2 boggart zombies (D:12)
  A sleepcap (D:6)
  35 orc wizards
  6 hell rats (Lair:5)
  A boggart skeleton (D:12)
  A boggart simulacrum (D:15)
  2 mummies (Ossuary)
  28 gnolls
  5 adders
  2 white imps (D:6)
  An ufetubus (D:5)
  7 adder zombies (Ossuary)
  A worm (D:3)
  8 dart slugs
  101 orcs
  4 ball pythons
  8 endoplasms
  6 giant cockroaches
  A gnoll zombie (Ossuary)
  10 goblins
  7 hobgoblins
  2 quokkas
  8 bats
  3 frilled lizards
  6 hobgoblin zombies
  A jackal zombie (D:6)
  22 kobolds
  4 kobold zombies (Ossuary)
  3 orc zombies (Ossuary)
  5 rats
1442 creatures vanquished.

Vanquished Creatures (others)
  A wizard (D:7)
  4 humans (Shoals:1)
  A gnoll (D:9)
  58 fungi
  116 plants
180 creatures vanquished.

Grand Total: 1622 creatures vanquished

Notes
Turn   | Place    | Note
-------+----------+-------------------------------------------
     0 | D:1      | cheesebisquit the Gargoyle Earth Elementalist began the
                  | quest for the Orb.
     0 | D:1      | Reached XP level 1. HP: 10/10 MP: 3/3
    66 | D:1      | Reached skill level 4 in Earth Magic
   103 | D:1      | Reached XP level 2. HP: 15/15 MP: 3/5
   543 | D:1      | Found a faded altar of an unknown god.
   637 | D:1      | Reached skill level 5 in Earth Magic
   637 | D:1      | Reached XP level 3. HP: 19/19 MP: 4/6
  1171 | D:1      | Found a faded altar of an unknown god.
  1643 | D:2      | You fall into a shaft and drop 2 floors!
  1648 | D:4      | Found a burning altar of Makhleb.
  1794 | D:3      | Found Qyalam's Magic Scroll Emporium.
  2093 | D:3      | Bought a scroll of identify for 22 gold pieces
  2093 | D:3      | Bought a scroll of fear for 44 gold pieces
  2440 | D:2      | Reached XP level 4. HP: 24/24 MP: 2/7
  2441 | D:2      | Reached skill level 6 in Earth Magic
  2975 | D:3      | Reached XP level 5. HP: 28/28 MP: 5/8
  3046 | D:3      | Identified the ring of Interdependent Arising {rPois rC+++
                  | rCorr Str-2 Dex+6}
  3048 | D:3      | Reached skill level 7 in Earth Magic
  3360 | D:3      | Found the +5 robe of Misfortune {Harm *Corrode *Slow EV+5}
  3569 | D:4      | Reached skill level 8 in Earth Magic
  3569 | D:4      | Reached XP level 6. HP: 32/32 MP: 3/9
  3724 | D:4      | Reached skill level 9 in Earth Magic
  3917 | D:4      | Found a runed translucent door.
  4109 | D:4      | Found a sacrificial altar of Ru.
  4119 | D:4      | Noticed luigi's ghost (amateur DrTm)
  4327 | D:5      | Entered Level 5 of the Dungeon
  4373 | D:4      | Reached XP level 7. HP: 36/36 MP: 8/10
  4604 | D:5      | Found a runed translucent gate.
  4605 | D:5      | Found a runed translucent gate.
  4605 | D:5      | Found an opulent altar of Gozag.
  4606 | D:5      | Found a runed translucent gate.
  4624 | D:5      | Noticed pigah's ghost (novice OpWn)
  4624 | D:5      | Noticed a troll
  4629 | D:5      | Reached skill level 10 in Earth Magic
  4694 | D:5      | Found a staircase to the Ecumenical Temple.
  4700 | Temple   | Entered the Ecumenical Temple
  4700 | Temple   | Found a transporter.
  4700 | Temple   | Found a transporter.
  4706 | Temple   | Found a transporter.
  4706 | Temple   | Found a transporter.
  4733 | Temple   | Became a worshipper of Vehumet
  4821 | D:5      | Reached skill level 1 in Fighting
  4973 | D:5      | Noticed a steam dragon
  5239 | D:5      | Killed a steam dragon
  5240 | D:5      | Reached XP level 8. HP: 30/48 MP: 8/11
  5341 | D:5      | Reached skill level 5 in Fighting
  5341 | D:5      | Reached skill level 1 in Shields
  5350 | D:5      | Learned a level 3 spell: Stone Arrow
  5355 | D:5      | Learned a level 4 spell: Petrify
  5358 | D:5      | Learned a level 2 spell: Passwall
  5630 | D:6      | Noticed Grinder
  5670 | D:6      | Found a sand-covered staircase.
  5740 | Ossuary  | Entered an ossuary
  6117 | Ossuary  | Reached * piety under Vehumet
  6117 | Ossuary  | Offered knowledge of Magic Dart by Vehumet.
  6290 | Ossuary  | Identified a scroll of acquirement
  6291 | Ossuary  | Acquired the +4 buckler of Words of Power {Str+8}
  6424 | D:6      | Killed Grinder
  6425 | D:6      | Reached skill level 5 in Shields
  6871 | D:6      | Reached XP level 9. HP: 54/54 MP: 12/15
  7037 | D:6      | Noticed Eustachio
  7040 | D:6      | Reached skill level 5 in Spellcasting
  7042 | D:6      | Reached skill level 1 in Armour
  7046 | D:6      | Killed Eustachio
  7255 | D:7      | Found Izuneof's Jewellery Shoppe.
  7268 | D:6      | Offered knowledge of Poisonous Vapours by Vehumet.
  7269 | D:6      | Reached skill level 5 in Armour
  7323 | D:7      | Reached ** piety under Vehumet
  7460 | D:7      | Noticed a cyan ugly thing
  7463 | D:7      | Killed a cyan ugly thing
  7464 | D:7      | Reached XP level 10. HP: 59/59 MP: 19/21
  7593 | D:7      | Bought a ring of magical power for 320 gold pieces
  7694 | D:7      | Found a bloodstained altar of Trog.
  8238 | D:7      | Noticed a wizard
  8240 | D:7      | Killed a wizard
  8514 | D:8      | Found a staircase to the Lair.
  8601 | D:8      | Offered knowledge of Inner Flame by Vehumet.
  9090 | D:8      | Reached *** piety under Vehumet
  9455 | D:9      | Noticed a two-headed ogre
  9459 | D:9      | Reached skill level 10 in Spellcasting
  9461 | D:9      | Killed a two-headed ogre
  9583 | D:9      | Reached skill level 11 in Earth Magic
 10011 | D:9      | Offered knowledge of Sticky Flame by Vehumet.
 10017 | D:9      | Learned a level 4 spell: Sticky Flame
 10231 | D:9      | Reached XP level 11. HP: 63/63 MP: 17/25
 10294 | D:9      | Reached skill level 12 in Earth Magic
 10386 | D:9      | Found a staircase to the Orcish Mines.
 10436 | D:9      | Reached **** piety under Vehumet
 10927 | D:9      | Found a staircase to the Orcish Mines.
 10983 | D:10     | Entered Level 10 of the Dungeon
 10991 | D:10     | Found a glowing silver altar of Zin.
 10991 | D:10     | Found a basalt altar of Yredelemnul.
 10992 | D:10     | Found a hazy altar of Hepliaklqana.
 10997 | D:10     | Noticed a two-headed ogre
 11002 | D:10     | Killed a two-headed ogre
 11029 | D:10     | Noticed a centaur warrior
 11040 | D:10     | Killed a centaur warrior
 11041 | D:10     | Reached skill level 13 in Earth Magic
 11306 | D:7      | Offered knowledge of Lightning Bolt by Vehumet.
 11421 | D:10     | Found a snail-covered altar of Cheibriados.
 11665 | D:10     | Reached skill level 14 in Earth Magic
 12528 | D:10     | Learned a level 4 spell: Leda's Liquefaction
 12537 | D:10     | Learned a level 8 spell: Lehudib's Crystal Spear
 12698 | D:11     | Noticed a boulder beetle
 12702 | D:11     | Killed a boulder beetle
 12768 | D:11     | Reached skill level 15 in Earth Magic
 12910 | D:11     | Noticed a two-headed ogre
 12937 | D:11     | Killed a two-headed ogre
 13099 | D:11     | Reached ***** piety under Vehumet
 13181 | D:11     | Noticed a two-headed ogre
 13186 | D:11     | Killed a two-headed ogre
 13187 | D:11     | Reached skill level 5 in Conjurations
 13187 | D:11     | Reached XP level 12. HP: 68/68 MP: 26/26
 13307 | D:11     | Noticed a two-headed ogre
 13311 | D:11     | Killed a two-headed ogre
 13375 | D:11     | Offered knowledge of Iskenderun's Battlesphere by Vehumet.
 13382 | D:11     | Learned a level 5 spell: Iskenderun's Battlesphere
 13885 | D:12     | Found Tump's Weapon Emporium.
 13903 | D:12     | Noticed Erolcha
 13907 | D:12     | Killed Erolcha
 14749 | D:12     | Reached skill level 10 in Fighting
 15203 | D:12     | Found the +9 sword of Zonguldrok {reap}
 15203 | D:12     | Noticed a bone dragon
 15225 | D:12     | Killed a bone dragon
 15233 | D:12     | Reached XP level 13. HP: 41/82 MP: 4/27
 15716 | D:4      | Killed luigi's ghost
 15798 | D:5      | Killed pigah's ghost
 15799 | D:5      | Reached skill level 10 in Conjurations
 15921 | D:7      | Bought the ring "Uphebes" {Contam rCorr Int+6} for 544 gold
                  | pieces
 15957 | Lair:1   | Entered Level 1 of the Lair of Beasts
 15957 | Lair:1   | Noticed Harold
 15966 | Lair:1   | Killed Harold
 16047 | Lair:1   | Acquired the +2 pair of slick slippers {slick, slippery,
                  | EV+5}
 16047 | Lair:1   | Found the +2 pair of slick slippers {slick, slippery, EV+5}
 16166 | Lair:1   | Noticed Amaemon
 16174 | Lair:1   | Killed Amaemon
 16175 | Lair:1   | Reached skill level 5 in Stealth
 16384 | Lair:1   | Noticed Nergalle
 16389 | Lair:1   | Killed Nergalle
 17026 | Lair:2   | Found a staircase to the Shoals.
 17904 | Lair:2   | Found a staircase to the Snake Pit.
 17977 | Lair:2   | Identified the +10 dagger of Proximity {flame, *Corrode
                  | rF+++ rN+++ Int-2}
 18625 | Lair:3   | HP: 3/82 [boulder beetle (39)]
 19229 | Lair:3   | Gained mutation: Your large and strong wings let you fly.
                  | [Gargoyle growth]
 19229 | Lair:3   | Reached XP level 14. HP: 88/88 MP: 28/28
 20010 | Lair:4   | Offered knowledge of Lee's Rapid Deconstruction by Vehumet.
 20097 | Lair:4   | Reached skill level 15 in Conjurations
 20180 | Lair:4   | Found a staircase to the Slime Pits.
 21342 | Lair:5   | Entered Level 5 of the Lair of Beasts
 22158 | Lair:5   | Learned a level 5 spell: Lee's Rapid Deconstruction
 22945 | Orc:1    | Entered Level 1 of the Orcish Mines
 23089 | Orc:1    | Found Weumubb's Assorted Antiques.
 23471 | Orc:1    | Reached XP level 15. HP: 92/92 MP: 31/32
 23486 | Orc:1    | Gained mutation: You sometimes lose your temper in combat.
                  | [a neqoxec]
 23492 | Orc:1    | Gained mutation: You are frail. (-10% HP) [a neqoxec]
 23738 | Orc:2    | Entered Level 2 of the Orcish Mines
 23781 | Orc:2    | Found a transporter.
 23794 | Orc:2    | Offered knowledge of Arcjolt by Vehumet.
 24043 | Orc:2    | Found a transporter.
 24044 | Orc:2    | Noticed bmack86's ghost (journeyman MiFi)
 24044 | Orc:2    | Identified the +9 giant spiked club of Defence {speed,
                  | Str+4 Dex+3 SInv}
 24044 | Orc:2    | Identified the +10 dire flail "Jucsedda" {antimagic, rN+
                  | Str+3 Int+2}
 24577 | Orc:2    | Found a staircase to the Elven Halls.
 24885 | Orc:2    | Found Moev Nud's Antique Armour Boutique.
 24885 | Orc:2    | Found Ibogreur's Weapon Boutique.
 24886 | Orc:2    | Found Ysem's General Store.
 24901 | Orc:2    | Found Qeobong's Magic Scroll Shop.
 25814 | Orc:2    | Bought a scroll of acquirement for 832 gold pieces
 25814 | Orc:2    | Bought a scroll of identify for 32 gold pieces
 26018 | D:13     | Acquired the +0 pair of gloves "Lamesa Qelown" {Str+9 SInv}
 27089 | D:13     | Learned a level 6 spell: Iron Shot
 27145 | D:13     | Identified the +5 falchion "Wuwn" {elec, Fly rElec Dex+3}
 27331 | D:13     | Offered knowledge of Yara's Violent Unravelling by Vehumet.
 27338 | D:13     | Reached skill level 15 in Spellcasting
 27814 | D:13     | Found a gate to the Vaults.
 28481 | D:14     | Found Nirel's Armour Shop.
 28554 | D:14     | Reached skill level 5 in Dodging
 29097 | D:14     | Noticed Josephine
 29099 | D:14     | Killed Josephine
 29204 | D:14     | Reached skill level 16 in Earth Magic
 29735 | D:15     | Entered Level 15 of the Dungeon
 29750 | D:15     | Reached XP level 16. HP: 87/87 MP: 29/35
 30077 | D:15     | Reached skill level 17 in Earth Magic
 30136 | D:15     | Found a staircase to the Depths.
 30898 | D:15     | Reached skill level 18 in Earth Magic
 31330 | Snake:1  | Entered Level 1 of the Snake Pit
 32008 | Snake:1  | Reached skill level 19 in Earth Magic
 32267 | Snake:1  | Reached ****** piety under Vehumet
 32269 | Snake:1  | Offered knowledge of Orb of Destruction by Vehumet.
 32714 | Snake:1  | Reached skill level 20 in Earth Magic
 33684 | Snake:2  | Reached XP level 17. HP: 91/91 MP: 11/36
 34079 | Snake:2  | Found a large runed translucent door.
 34079 | Snake:2  | Found a large runed translucent door.
 34085 | Snake:2  | Noticed Mimusiah's ghost (adept HOFi)
 34138 | Snake:2  | Identified the +1 plate armour of Gallantry {rPois Str+2}
 34642 | Snake:3  | Noticed cforsyth's ghost (adept DEEE)
 34855 | Snake:3  | Found Wuebba's Antique Weapon Boutique.
 35715 | Snake:3  | Found a runed translucent gate.
 35715 | Snake:3  | Found a runed translucent gate.
 35715 | Snake:3  | Found a runed translucent gate.
 35973 | Snake:4  | Entered Level 4 of the Snake Pit
 36426 | Snake:4  | Offered knowledge of Fireball by Vehumet.
 36433 | Snake:4  | Learned a level 5 spell: Fireball
 37400 | Snake:4  | Reached XP level 18. HP: 96/96 MP: 40/40
 38577 | Snake:4  | Reached XP level 19. HP: 98/100 MP: 12/42
 38851 | Snake:4  | Learned a level 5 spell: Borgnjor's Vile Clutch
 38856 | Snake:4  | Learned a level 4 spell: Animate Armour
 38911 | Snake:4  | Got a serpentine rune of Zot
 39339 | Orc:2    | Killed bmack86's ghost
 39776 | Snake:2  | Killed Mimusiah's ghost
 39927 | Snake:3  | Killed cforsyth's ghost
 40232 | Shoals:1 | Entered Level 1 of the Shoals
 40652 | Shoals:1 | Noticed Kirke
 40665 | Shoals:1 | Killed Kirke
 40897 | Shoals:1 | Found Moiss's Magic Scroll Boutique.
 40993 | Shoals:1 | Found Koebloysch's Book Emporium.
 41008 | Shoals:1 | Bought a book of Annihilations for 960 gold pieces
 41249 | Shoals:1 | Offered knowledge of Maxwell's Capacitive Coupling by
                  | Vehumet.
 41391 | Shoals:1 | Found Noaseeh's Armour Boutique.
 41470 | Shoals:1 | Found Geatere's Antique Weapon Shoppe.
 42104 | Shoals:2 | Found a runed translucent door.
 42105 | Shoals:2 | Found a shimmering altar of Xom.
 42105 | Shoals:2 | Noticed Valamore's ghost (adept DsAr)
 42430 | Orc:2    | Bought a potion of heal wounds for 65 gold pieces
 42430 | Orc:2    | Bought a potion of lignification for 39 gold pieces
 42431 | Orc:2    | Bought a scroll of fear for 64 gold pieces
 42431 | Orc:2    | Bought a scroll of teleportation for 48 gold pieces
 44860 | Shoals:4 | Entered Level 4 of the Shoals
 46202 | Shoals:4 | Reached skill level 15 in Fighting
 46202 | Shoals:4 | Reached XP level 20. HP: 116/116 MP: 44/44
 46640 | Shoals:4 | Got a barnacled rune of Zot
 47158 | Shoals:1 | Bought a +0 cloak of preservation for 172 gold pieces
 47389 | Vaults:1 | Entered Level 1 of the Vaults
 48071 | Vaults:1 | Offered knowledge of Polar Vortex by Vehumet.
 48071 | Vaults:1 | Offered knowledge of Ignition by Vehumet.
 48071 | Vaults:1 | Offered knowledge of Maxwell's Capacitive Coupling by
                  | Vehumet.
 50944 | Vaults:2 | Got Sif Muna's Omnibus of Numb Momentum
 52318 | Vaults:3 | Reached XP level 21. HP: 120/120 MP: 45/45
 52692 | Vaults:3 | Found a staircase to the Crypt.
 54154 | Vaults:4 | Reached skill level 21 in Earth Magic
 55515 | Vaults:4 | Reached skill level 22 in Earth Magic
 56863 | Vaults:5 | Entered Level 5 of the Vaults
 57068 | Depths:1 | Entered Level 1 of the Depths
 57305 | Depths:1 | Reached skill level 23 in Earth Magic
 57485 | Depths:1 | Found a shimmering blue altar of Sif Muna.
 57799 | Depths:1 | Noticed an ancient lich
 57801 | Depths:1 | Killed an ancient lich
 57802 | Depths:1 | Noticed an ancient lich
 57804 | Depths:1 | Killed an ancient lich
 57887 | Depths:1 | Got Nuymet's Almanac of Battling
 57905 | Depths:1 | Got the Handbook of Striking
 57939 | Depths:1 | Got the Precepts of Movement
 57981 | Depths:1 | Reached XP level 22. HP: 126/126 MP: 44/46
 57994 | Depths:1 | Reached skill level 24 in Earth Magic
 58344 | Depths:1 | Found a one-way gate leading to the halls of Pandemonium.
 58399 | Depths:1 | Found a gateway to Hell.
 58515 | Depths:1 | Found a one-way gateway to a ziggurat.
 58644 | Depths:1 | Found Doxiogao's Book Emporium.
 58646 | Depths:1 | Found Budionic's Jewellery Shop.
 58647 | Depths:1 | Found Erilyngi's Book Emporium.
 59442 | Depths:1 | Found a glowing golden altar of the Shining One.
 59519 | Depths:2 | Reached skill level 25 in Earth Magic
 59522 | Depths:2 | Reached skill level 1 in Evocations
 60359 | Depths:2 | Noticed a juggernaut
 60361 | Depths:2 | Noticed a golden dragon
 60362 | Depths:2 | Killed a juggernaut
 60363 | Depths:2 | Killed a golden dragon
 60459 | Depths:2 | Noticed a golden dragon
 60485 | Depths:2 | Mangled by a spriggan berserker

Illustrated notes

Levels and vault maps discovered:
D:1:      dpeg_arrival_tiny_h, layout_loops_cross,
          shapermc_ecumenical_altar_mp_vishouse, minmay_heptomino_h4
D:2:      layout_basic, minmay_split_cup_small
D:3:      layout_basic, serial_shops, shop
D:4:      layout_rooms, lemuel_tele_altar, nicolae_ru_awakened_eye,
          hellmonk_ghost_happy_afterlife
D:5:      kennysheep_steamy, layout_loops_ring, minmay_temple_entry_wispy,
          ebering_ghost_gozag
D:6:      layout_loops_ring, enter_ossuary_3, uniq_eustachio, uniq_grinder
D:7:      layout_rooms, trog_wizard, serial_bayou_ford_a,
          nicolae_zen_rock_garden, nicolae_stop_n_shop_1, grunt_ministairs_10,
          minmay_misc_feat_five, dreamdust_gnoll_shepherd
D:8:      layout_basic, david_lair_shrubbed
D:9:      layout_rooms, erik_orc_2, hangedman_decor_points
D:10:     layout_basic, gammafunk_temple_overflow_forgotten,
          mainiacjoe_overflow_cross_hatched, special_room [special_room_orc],
          minmay_misc_feat_nine_boxes, serial_bayou_pond_a
D:11:     layout_loops_ring
D:12:     layout_irregular_city, serial_shops, nicolae_shop_statue_plus,
          minmay_guarded_unrand_zonguldrok, uniq_erolcha
D:13:     lemuel_ice_spiral_2, layout_basic, grunt_vaults_entry_fortified
D:14:     layout_roguey, nicolae_lava_and_water, serial_shops, shop,
          uniq_josephine
D:15:     grunt_enter_depths_magical_seal, layout_basic, minivault_19
Temple:   hellmonk_temple_divided_pantheon
Lair:1:   layout_concentric_octagons, uniq_amaemon, uniq_harold, uniq_nergalle
Lair:2:   layout_concentric_octagons, minmay_shoals_entry_lonely_mermaid,
          minmay_snake_entry_guardpost_medium
Lair:3:   layout_cave_shapes, cheibrodos_lair_lostbears, serial_bayou_shore_b,
          grunt_megastairs_5, serial_bayou_shore_b, lemuel_fruit_tree,
          infiniplex_staircase_pool
Lair:4:   layout_hall_layers, minmay_slime_entry_pillars,
          chequers_serial_rivers_micro_c
Lair:5:   hangedman_lair_in_review, layout_gridlike
Shoals:1: layout_shoals, serial_shops, shop, shop, nicolae_shop_behind_doors,
          nicolae_shop_stone, uniq_kirke
Shoals:2: layout_shoals, ebering_ghost_xom
Shoals:3: layout_shoals, nicolae_shoals_gull_way
Shoals:4: shoals_end_grunt_ice, layout_shoals
Snake:1:  layout_grid_maze, drop_trap, grunt_ministairs_6, st_stairs_3,
          nicolae_snake_springs
Snake:2:  layout_misc_corridors, ebering_ghost_disaster_area
Snake:3:  layout_cave_pods, serial_shops, nicolae_shop_advertising_works
          [nicolae_subvault_shop_adworks], gammafunk_ghost_split
Snake:4:  johnstein_snake_rune_scales, layout_cave_town
Orc:1:    layout_diamond_mine, basic_altar, serial_shops,
          nicolae_shop_overgrown_old_shop
Orc:2:    st_orc_mages, layout_caves, gammafunk_ghost_smash
Vaults:1: nicolae_vaults_back_hallway, hangedman_vaults_slither, v_misc_26,
          nicolae_vaults_windows_and_doors_thing,
          nicolae_vaults_stairing_the_circle, v_misc_17,
          nicolae_vaults_alarming, v_misc_22, v_misc_12,
          vaults_mumra_chevron_long, layout_vaults_omnibox
Vaults:2: hangedman_vaults_hat, nicolae_vaults_network_quinsquares
          [nicolae_vaults_network_quincunx_subvault,
          nicolae_vaults_network_quincunx_subvault,
          nicolae_vaults_network_quincunx_subvault,
          nicolae_vaults_network_quincunx_subvault], grunt_vaults_funnel,
          ontoclasm_vaults_misaligned, vaults_room_pool,
          vaults_room_fancy_cross, ontoclasm_vaults_claustrophobia,
          layout_vaults_omnigrid
Vaults:3: minmay_crypt_entry_simple_plaza, grunt_vaults_trifunnel,
          nicolae_vaults_sealed_display, nicolae_vaults_minivaults,
          hangedman_vaults_impose, vaults_dpeg_ring, hangedman_vaults_stagger,
          v_misc_11, nicolae_vaults_diagonal_hallway_7, v_misc_14, serial_ice_g,
          serial_ice_b, layout_vaults_ring
Vaults:4: hangedman_vaults_stitches, v_misc_16, vaults_room_pools,
          nicolae_vaults_network_quincunx
          [nicolae_vaults_network_quincunx_subvault,
          nicolae_vaults_network_quincunx_subvault,
          nicolae_vaults_network_quincunx_subvault,
          nicolae_vaults_network_quincunx_subvault,
          nicolae_vaults_network_quincunx_subvault], vaults_room_octagon,
          nicolae_vaults_rhombus_6, vaults_dpeg_cross, v_misc_32,
          hangedman_vaults_corner_blocks, nicolae_vaults_little_ls,
          nicolae_vaults_little_squares_3, ontoclasm_vaults_twist,
          nicolae_vaults_little_squares_6, vaults_dpeg_diagonal,
          layout_vaults_chaotic_city
Vaults:5: uniq_xtahua
Depths:1: evilmike_library_of_no_secrets, layout_cave_pools, enter_ziggurat_a,
          rand_demon_pan_entry_1, pf_hell_entry_tar_river,
          kennysheep_cluttered_room, minmay_misc_feat_encased, drop_trap,
          tso_altar, minmay_shop_grove, firewood_loft, serial_bayou_shore_b
Depths:2: minmay_the_grid_square_5x5_5x5
          [minmay_the_grid_square_5x5_doubleslash,
          minmay_the_grid_square_5x5_bracketed,
          minmay_the_grid_square_5x5_eight, minmay_the_grid_square_5x5_detours,
          minmay_the_grid_square_5x5_mess, minmay_the_grid_square_5x5_minivault,
          minmay_the_grid_square_5x5_prize_open, minmay_the_grid_square_5x5_v,
          minmay_the_grid_square_5x5_prize_monsterx,
          minmay_the_grid_square_5x5_shuriken, minmay_the_grid_square_5x5_forky,
          minmay_the_grid_square_5x5_dogpile,
          minmay_the_grid_square_5x5_prize_waves,
          minmay_the_grid_square_5x5_hollow_slash,
          minmay_the_grid_square_5x5_checkered_sparse,
          minmay_the_grid_square_5x5_z,
          minmay_the_grid_square_5x5_prize_deathbox,
          minmay_the_grid_square_5x5_broken_cross,
          minmay_the_grid_square_5x5_prize_snowflake,
          minmay_the_grid_square_5x5_gyroscope,
          minmay_the_grid_square_5x5_seven,
          minmay_the_grid_square_5x5_spiral_small,
          minmay_the_grid_square_5x5_fancy_junction,
          minmay_the_grid_square_5x5_inset,
          minmay_the_grid_square_5x5_six_small], layout_gridlike,
          grunt_pan_entry_sceptre, hell_entry, serial_bayou_pond_a, uniq_nikola

Skill      XL: |  1  2  3  4  5  6  7  8  9 10 11 12 13 14 15 16 17 18 19 20 21 22 |
---------------+-------------------------------------------------------------------+-----
Earth Magic    | 4 5 6 8 9 10 11 15 16 20 23 25 | 25.0
Fighting       | 4 5 10 15 17 | 17.4
Shields        | 5 |  5.0
Spellcasting   | 4 7 10 13 15 18 19 20 | 20.0
Armour         | 5 |  5.0
Conjurations   | 5 9 14 15 19 20 | 20.0
Stealth        | 5 |  5.0
Dodging        | 5 |  5.0
Evocations     | 4 |  4.4
Transmutations | |  0.7

Action                     |  1- 3 |  4- 6 |  7- 9 | 10-12 | 13-15 | 16-18 | 19-21 | 22-24 || total
---------------------------+-------+-------+-------+-------+-------+-------+-------+-------++-------
  Melee: Whip              |       |     2 |       |       |       |       |       |       ||     2
         Staff             |       |       |     5 |    58 |    95 |    94 |    24 |    34 ||   310
         Double sword      |       |       |       |       |    12 |       |       |       ||    12
  Throw: Throwing net      |       |       |       |       |       |       |     3 |       ||     3
         Dart              |       |       |       |       |       |       |     1 |       ||     1
   Cast: Sandblast         |    59 |    68 |   109 |    15 |       |       |       |       ||   251
         Stone Arrow       |       |       |       |   335 |   650 |       |       |       ||   985
         Leda's Liquefacti |       |       |       |     1 |       |     2 |     3 |       ||     6
         Iron Shot         |       |       |       |       |    86 |   295 |   470 |       ||   851
         Iskenderun's Batt |       |       |       |       |       |     4 |     2 |       ||     6
         Lehudib's Crystal |       |       |       |       |       |       |   145 |   113 ||   258
  Evoke: Wand              |       |       |       |       |       |       |     2 |       ||     2
    Use: Scroll            |       |     9 |    11 |     2 |    21 |    12 |    11 |     1 ||    67
         Potion            |       |       |       |     3 |    17 |    14 |    12 |     4 ||    50
   Stab: Invisible         |       |       |       |       |       |     1 |       |       ||     1
 Armour: Robe              |     1 |     5 |    10 |    91 |   135 |    88 |    82 |    48 ||   460
  Dodge: Dodged            |     3 |    25 |    33 |   109 |   331 |   196 |   151 |    49 ||   897
  Block: Buckler           |       |       |    13 |   112 |   173 |       |       |       ||   298
         Tower shield      |       |       |       |       |     8 |   370 |   228 |    47 ||   653
         Reflection        |       |       |       |       |     3 |    52 |       |       ||    55

Table legend: (Time is in decaauts)
 A = Elapsed time spent in this place.
 B = Non-inter-level travel time spent in this place.
 C = Inter-level travel time spent in this place.
 D = Time resting spent in this place.
 E = Time spent auto-exploring this place.
 F = Levels seen in this place.
 G = Mean time per level.
                   A        B        C        D        E       F      G
               +--------+--------+--------+--------+--------+-----+--------+
         Total |  60782 |  55368 |   5414 |   7129 |  40970 |  39 | 1558.5 |
       Dungeon |  22020 |  19237 |   2783 |   2027 |  14683 |  15 | 1468.0 |
        Temple |     48 |     31 |     17 |      0 |     10 |   1 |   48.0 |
          Lair |   8029 |   7321 |    708 |   1042 |   5205 |   5 | 1605.8 |
        Shoals |   6066 |   5596 |    470 |    894 |   4027 |   4 | 1516.5 |
     Snake Pit |   7765 |   7407 |    358 |   1218 |   5262 |   4 | 1941.2 |
  Orcish Mines |   3348 |   2919 |    429 |    300 |   2059 |   2 | 1674.0 |
        Vaults |   9474 |   8881 |    593 |    882 |   7086 |   5 | 1894.8 |
        Depths |   3444 |   3390 |     54 |    478 |   2423 |   2 | 1722.0 |
       Ossuary |    585 |    585 |      0 |    287 |    214 |   1 |  585.0 |
               +--------+--------+--------+--------+--------+-----+--------+

Top non-repeatable levels by time:
Vaults:4: 2950 daAuts
    D:13: 2769 daAuts
  Lair:2: 2639 daAuts
 Snake:4: 2619 daAuts
Depths:1: 2447 daAuts
     D:9: 2245 daAuts
Vaults:1: 2217 daAuts
Vaults:2: 2172 daAuts
Vaults:3: 2132 daAuts
 Snake:3: 2096 daAuts
   Orc:2: 2069 daAuts
    D:12: 1812 daAuts
    D:10: 1776 daAuts
     D:1: 1726 daAuts
  Lair:3: 1697 daAuts
